 Dungeon Crawl Stone Soup version 0.31-a0-774-g0d66cbabe8 (webtiles) character file.

Game seed: 14928725815219684673

2930 CrazyBamboolord the Fighter (level 10, -5/68 (80) HPs)
             Began as a Formicid Fighter on Sept 17, 2023.
             Was a Priest of Okawaru.
             Slain by a two-headed ogre
             ... wielding a +0 giant club
              (16 damage)
             ... on level 9 of the Dungeon.
             The game lasted 00:11:45 (6559 turns).

CrazyBamboolord the Fighter (Formicid Fighter)      Turns: 6559, Time: 00:11:45

HP:   -5/68 (80)    AC: 16    Str: 25    XL:     10   Next: 7%
MP:   13/13         EV:  6    Int:  8    God:    Okawaru [***...]
Gold: 425           SH:  0    Dex: 13    Spells: 9/9 levels left

rFire   . . .        a - +0 flail
rCold   . . .        t - +0 kite shield
rNeg    . . .        w - +0 plate armour
rPois   +            (helmet unavailable)
rElec   .            x - +0 cloak
rCorr   .            D - +0 pair of gloves
SInv    +            (no boots)
Will    ++...        n - amulet of regeneration Stlth
                     r - ring of poison resistance
HPRegen 1.11/turn    B - ring of willpower
MPRegen 0.13/turn

%: no passive effects
@: confused, ambrosia-drunk, attractive, heavily drained, invisible
A: permanent stasis, dig shafts and tunnels, antennae 3, four strong arms
a: Dig, Shaft Self, Renounce Religion, Heroism


You were on level 9 of the Dungeon.
You worshipped Okawaru.
Okawaru was most pleased with you.
You visited 2 branches of the dungeon, and saw 10 of its levels.

You collected 590 gold pieces.
You spent 165 gold pieces at shops.

Inventory:

Hand Weapons
 a - a +0 flail (weapon)
Missiles
 E - a throwing net
Armour
 t - a +0 kite shield (worn)
 w - a +0 plate armour (worn)
 x - a +0 cloak (worn)
 D - a +0 pair of gloves (worn)
Jewellery
 c - a ring of fire
 n - an amulet of regeneration (around neck)
 r - a ring of poison resistance (left hand)
 y - a ring of wizardry
 A - a +6 ring of strength
 B - a ring of willpower (right hand)
 H - a ring of positive energy
Wands
 e - a wand of flame (39)
 F - a wand of digging (4)
Scrolls
 b - a scroll of enchant weapon {unknown}
 d - a scroll of poison {unknown}
 h - 5 scrolls of immolation
 j - a scroll of identify
 p - 2 scrolls of noise {unknown}
 s - 3 scrolls of blinking {unknown}
 u - 3 scrolls of fear
 v - 3 scrolls of enchant armour {unknown}
 C - a scroll of brand weapon {unknown}
 G - 2 scrolls of vulnerability {unknown}
Potions
 f - a potion of invisibility
 g - a potion of enlightenment {unknown}
 k - a potion of resistance {unknown}
 l - 2 potions of attraction
 m - 2 potions of lignification {unknown}
 o - 2 potions of haste {unknown}
 q - 4 potions of curing {unknown}
 z - a potion of degeneration {unknown}


   Skills:
 * Level 8.2 Fighting
 * Level 7.0 Maces & Flails
 * Level 8.1 Armour
 + Level 7.5 Shields
 + Level 4.2 Invocations


You had 9 spell levels left.
You didn't know any spells.
Your spell library contained the following spells:

 Spells                   Type           Power      Damage    Failure   Level
 Cigotuvi's Dreadful Rot  Necr/Pois/Air  0%         N/A       100%        2
 Poisonous Vapours        Pois/Air       0%         N/A       100%        2
 Dazzling Flash           Conj/Hex       0%         N/A       100%        3
 Inner Flame              Hex/Fire       0%         N/A       100%        3
 Mephitic Cloud           Conj/Pois/Air  0%         N/A       100%        3
 Volatile Blastmotes      Fire/Tloc      0%         2d10      100%        3
 Dispel Undead            Necr           0%         3d6       100%        4
 Flame Wave               Conj/Fire      0%         2d4       100%        4
 Manifold Assault         Tloc           0%         N/A       100%        4
 Sticky Flame             Conj/Fire      0%         2d3       100%        4
 Agony                    Necr           0%         N/A       100%        5
 Freezing Cloud           Conj/Ice/Air   0%         6-21      100%        5
 Silence                  Hex/Air        0%         N/A       100%        5
 Starburst                Conj/Fire      0%         6d3       100%        6
 Maxwell's Capacitive Co  Air            0%         ∞         100%        8
 Blink                    Tloc           Unusable   N/A       N/A         2
 Death Channel            Necr           Unusable   N/A       N/A         6

Dungeon Overview and Level Annotations

Branches:
Dungeon (9/15)             Temple (1/1) D:5
   Lair: D:8-11         Orc: D:9-12

Altars:
Ashenzari
Cheibriados
Dithmenos
Elyvilon
Fedhas
Gozag
Hepliaklqana
Kikubaaqudgha
Makhleb
Nemelex Xobeh
Okawaru
Qazlal
Ru
Sif Muna
Trog
Uskayaw
Vehumet
Wu Jian
Xom
Yredelemnul
Zin
The Shining One

Shops:
D:4 [=*:

Annotations:
D:5 2 runed translucent doors, Heedrag's ghost, novice DsSh


Innate Abilities, Weirdness & Mutations

You cannot be hasted, slowed, berserked, paralysed or teleported.
You can dig through walls and to a lower floor.
You have a pair of large antennae on your head. (SInv)
Your four strong arms can wield two-handed weapons with a shield.


Message History

You block the wight's attack. The wight is attracted toward you. x2
The kobold is attracted toward you. The orc is attracted toward you.
You are confused.
You feel invigorated.
The kobold shouts!
You hear a shout! x2
The kobold hits you but does no damage. The orc is attracted toward you.
Unknown command.
A kobold brigand comes into view.
It is wielding a +2 short sword of flaming and quivering poisoned darts.
The kobold brigand is attracted toward you.
The kobold brigand shouts!
The kobold is attracted toward you. The wight is attracted toward you.
The kobold brigand is attracted toward you.
The wight is attracted toward you.
Unknown command.
You closely miss the wight.
The kobold brigand shouts!
The wight closely misses you.
A kobold comes into view. It is wielding a +0 short sword.
The kobold hits you but does no damage. The wight is attracted toward you.
The kobold brigand is attracted toward you.
The kobold is attracted toward you.
You thump the two-headed ogre!
The two-headed ogre is moderately wounded.
The kobold brigand shouts!
The kobold shouts!
The two-headed ogre hits you with a +0 giant club!!
The two-headed ogre hits you but does no damage.
The wight hits you with a +5 great sword.
You feel drained.
The kobold brigand throws a poisoned dart.
The poisoned dart hits the wight!
The kobold is attracted toward you. The orc is attracted toward you.
You closely miss the two-headed ogre.
The two-headed ogre is moderately wounded.
The kobold shouts!
The wight hits you with a +5 great sword!
* * * LOW HITPOINT WARNING * * *
You feel drained.
* * * LOW HITPOINT WARNING * * *
The two-headed ogre hits you with a +0 giant club!
You die...

#......§....##
#.......§...#
#........[..#
#...........#
#...K)......#
#..§K....... #z.zo.......
##Kzz§.......
#.@O...>.....
#............
#............
##...........
#/..........
##############...........
..........O..............
.......<..o..............
.........................


You could see a two-headed ogre (unable to see you), a kobold brigand (unable to
see you), 4 wights, an orc (unable to see you) and 2 kobolds.

Vanquished Creatures
  A deep elf pyromancer (D:7)
  Prince Ribbit (D:6)
  3 water moccasins
  An ice beast (D:8)
  2 orc warriors (D:8)
  An ogre (D:5)
  2 sky beasts
  2 centaurs
  A phantom (D:5)
  3 bullfrogs
  A scorpion (D:7)
  A wight (D:9)
  A howler monkey (D:9)
  A hound (D:5)
  A gnoll bouda (D:6)
  A jelly (D:7)
  4 iguanas
  4 orc priests
  3 sleepcaps
  Natasha (thrice) (D:3)
  7 orc wizards
  Robin (D:3)
  5 gnolls (D:6)
  3 adders
  A shadow imp (D:8)
  2 white imps
  2 ufetubi
  A worm (D:2)
  A dart slug (D:2)
  24 orcs
  4 endoplasms
  3 giant cockroaches
  20 goblins
  11 hobgoblins
  7 kobolds
  2 quokkas (D:4)
  2 ball pythons
  4 bats
  2 frilled lizards
  3 rats (D:3)
142 creatures vanquished.

Notes
Turn   | Place    | Note
-------+----------+-------------------------------------------
     0 | D:1      | CrazyBamboolord the Formicid Fighter began the quest for
                  | the Orb.
     0 | D:1      | Reached XP level 1. HP: 18/18 MP: 1/1
   126 | D:1      | Reached XP level 2. HP: 24/24 MP: 2/2
   559 | D:2      | Reached XP level 3. HP: 23/29 MP: 3/3
   630 | D:2      | Found a glowing golden altar of the Shining One.
  1162 | D:3      | Reached XP level 4. HP: 35/37 MP: 4/4
  1190 | D:3      | Noticed Natasha
  1203 | D:3      | Killed Natasha
  1281 | D:3      | Identified the +0 quarterstaff of Dissolution {freeze,
                  | +Blink SInv}
  1335 | D:3      | Reached XP level 5. HP: 42/42 MP: 5/5
  1395 | D:3      | Noticed Natasha
  1405 | D:3      | Killed Natasha
  1579 | D:3      | Noticed Natasha
  1587 | D:3      | Killed Natasha
  1591 | D:3      | Noticed Robin
  1607 | D:3      | Killed Robin
  1709 | D:3      | Reached XP level 6. HP: 49/49 MP: 6/6
  2072 | D:4      | Found Jealowu's Assorted Antiques.
  2079 | D:4      | Bought a scroll labelled BETANW ENNUD for 22 gold pieces
  2079 | D:4      | Bought a blue potion for 19 gold pieces
  2079 | D:4      | Bought 3 scrolls labelled VIYDIS XODAPI for 66 gold pieces
  2244 | D:4      | Found Iddiecipn's Armour Shoppe.
  2247 | D:4      | Bought a +0 cloak for 58 gold pieces
  2333 | D:4      | Found Xyuschie's Jewellery Emporium.
  2342 | D:4      | Noticed a sky beast
  2349 | D:4      | Killed a sky beast
  2350 | D:4      | Reached skill level 5 in Shields
  2439 | D:4      | Found Cyvaucki's Book Shoppe.
  2456 | D:4      | Reached skill level 5 in Fighting
  2456 | D:4      | Reached skill level 5 in Armour
  2819 | D:5      | Entered Level 5 of the Dungeon
  2851 | D:5      | Reached XP level 7. HP: 52/56 MP: 7/7
  3069 | D:5      | Found a large runed translucent door.
  3070 | D:5      | Found a large runed translucent door.
  3076 | D:5      | Noticed Heedrag's ghost (novice DsSh)
  3096 | D:5      | Found a staircase to the Ecumenical Temple.
  3111 | Temple   | Entered the Ecumenical Temple
  3127 | Temple   | Became a worshipper of Warmaster Okawaru
  3689 | D:5      | Reached skill level 1 in Invocations
  3858 | D:6      | Reached XP level 8. HP: 27/64 MP: 8/8
  4048 | D:6      | Reached skill level 5 in Maces & Flails
  4342 | D:6      | Reached * piety under Okawaru
  4396 | D:6      | Found a snail-covered altar of Cheibriados.
  4397 | D:6      | Found a shimmering altar of Xom.
  4400 | D:6      | Found a bloodstained altar of Trog.
  4595 | D:6      | Noticed Prince Ribbit
  4633 | D:6      | Killed Prince Ribbit
  4634 | D:6      | Reached XP level 9. HP: 61/72 MP: 9/11
  5178 | D:7      | Reached ** piety under Okawaru
  5195 | D:7      | Noticed a deep elf pyromancer
  5206 | D:7      | Killed a deep elf pyromancer
  6386 | D:9      | Noticed a two-headed ogre
  6466 | D:9      | Reached XP level 10. HP: 78/80 MP: 13/13
  6470 | D:9      | Reached *** piety under Okawaru
  6548 | D:9      | HP: 2/73 [wight/+2 morningstar (12)]
  6559 | D:9      | Slain by a two-headed ogre

Illustrated notes

Levels and vault maps discovered:
D:1:      minmay_arrival_stair_chambers, layout_loops_ring
D:2:      layout_loops_ring, basic_altar
D:3:      minmay_diamond_boxcup, layout_rooms, serial_corexii_hall,
          chequers_hall_statues_wall_a, corexii_hall_statues_x,
          corexii_hall_statues_i, corexii_hall_statues_l,
          chequers_hall_statues_y, chequers_hall_statues_y, hellmonk_no_cap,
          uniq_natasha, uniq_robin
D:4:      layout_basic, serial_shops, shop, nicolae_stop_n_shop_2, shop,
          kennysheep_mini_moat
D:5:      layout_basic, minmay_temple_entry_grid, ebering_ghost_disaster_area
D:6:      layout_basic, nicolae_overflow_hidden_temple, uniq_prince_ribbit1
D:7:      layout_loops_ring, serial_bayou_pond_a, guppyfry_early_elven_hall
D:8:      layout_loops_corners, minmay_fountain_box
D:9:      kennysheep_windowed_halls, layout_cross, uniq_erica
Temple:   hellmonk_temple_of_storms

Skill      XL: |  1  2  3  4  5  6  7  8  9 10 |
---------------+-------------------------------+-----
Fighting       | 4 5 7 8 |  8.2
Armour         | 4 5 6 8 |  8.1
Maces & Flails | 3 4 5 6 7 |  7.0
Shields        | 5 6 7 |  7.5
Invocations    | 1 2 4 |  4.2

Action                     |  1- 3 |  4- 6 |  7- 9 | 10-12 || total
---------------------------+-------+-------+-------+-------++-------
  Melee: Flail             |    80 |   166 |   342 |    44 ||   632
Ability: Dig               |       |     2 |     4 |       ||     6
    Use: Scroll            |       |     2 |     2 |     1 ||     5
         Potion            |       |     1 |     1 |     4 ||     6
   Stab: Invisible         |       |       |     3 |       ||     3
 Armour: Scale mail        |    47 |    79 |       |       ||   126
         Plate armour      |       |    58 |   345 |    71 ||   474
  Dodge: Dodged            |    47 |    65 |    95 |    22 ||   229
  Block: Buckler           |    17 |    22 |       |       ||    39
         Kite shield       |       |    28 |   211 |    42 ||   281

Table legend: (Time is in decaauts)
 A = Elapsed time spent in this place.
 B = Non-inter-level travel time spent in this place.
 C = Inter-level travel time spent in this place.
 D = Time resting spent in this place.
 E = Time spent auto-exploring this place.
 F = Levels seen in this place.
 G = Mean time per level.
                   A        B        C        D        E       F      G
               +--------+--------+--------+--------+--------+-----+--------+
         Total |   6721 |   6410 |    311 |     34 |   4908 |  10 |  672.1 |
       Dungeon |   6688 |   6390 |    298 |     34 |   4908 |   9 |  743.1 |
        Temple |     32 |     19 |     13 |      0 |      0 |   1 |   32.0 |
               +--------+--------+--------+--------+--------+-----+--------+

Top non-repeatable levels by time:
     D:6: 1089 daAuts
     D:5: 938 daAuts
     D:8: 909 daAuts
     D:3: 905 daAuts
     D:4: 767 daAuts
     D:7: 758 daAuts
     D:2: 646 daAuts
     D:1: 571 daAuts
     D:9: 102 daAuts
  Temple: 32 daAuts
